 Dungeon Crawl Stone Soup version 0.21.1-1-g345015f (webtiles) character file.

819 keltmir the Magician (level 7, -1/36 HPs)
             Began as a Deep Elf Conjurer on Apr 1, 2018.
             Was an Initiate of Dithmenos.
             Slain by a killer bee (2 damage)
             ... on level 6 of the Dungeon.
             The game lasted 00:29:50 (7107 turns).

keltmir the Magician (Deep Elf Conjurer)            Turns: 7107, Time: 00:29:51

Health: -1/36      AC:  3    Str:  8    XL:     7   Next: 63%
Magic:  17/19      EV: 17    Int: 22    God:    Dithmenos [......]
Gold:   352        SH:  0    Dex: 15    Spells: 9/19 levels left

rFire    + . .     SeeInvis .   l - +9 dagger of Ekun {pierce, rF+ rN+ Stlth-}
rCold    . . .     Gourm    .   (no shield)
rNeg     + . .     Faith    .   a - +1 robe
rPois    .         Spirit   .   (no helmet)
rElec    .         Reflect  .   (no cloak)
rCorr    .         Harm     .   (no gloves)
MR       .....                  (no boots)
Stlth    ++........             (no amulet)
HPRegen  0.12/turn              i - +4 ring of evasion
MPRegen  0.16/turn              m - +3 ring of strength

@: lethally poisoned (-1 -> -29)
A: no striking features
a: Renounce Religion


You were on level 6 of the Dungeon.
You worshipped Dithmenos.
Dithmenos was noncommittal.
You were not hungry.

You visited 2 branches of the dungeon, and saw 8 of its levels.

You collected 352 gold pieces.

Inventory:

Hand Weapons
 l - the +9 dagger of Ekun (weapon) {pierce, rF+ rN+ Stlth-}
   (You took it off a hobgoblin on level 4 of the Dungeon)

   It inflicts extra damage upon your enemies.
   It protects you from fire.
   It protects you from negative energy.
   It makes you less stealthy.
 t - a +1 dagger of venom
Missiles
 g - 10 tomahawks (quivered)
Armour
 a - a +1 robe (worn)
 n - a +2 leather armour of cold resistance
 y - a +0 pair of gloves
 A - a +2 robe of fire resistance
Jewellery
 h - an uncursed ring of protection from magic
 i - a +4 ring of evasion (left hand)
 m - a +3 ring of strength (right hand)
 o - an uncursed ring of resist corrosion
 u - an uncursed ring of ice
 x - a cursed ring of loudness {unknown}
Wands
 d - a wand of enslavement (14)
 s - a wand of disintegration (11)
Scrolls
 k - a scroll of fog
 B - 2 scrolls of magic mapping {unknown}
Potions
 e - 4 potions of brilliance
 f - 3 potions of agility
 j - a potion of ambrosia
 p - a potion of cancellation
 q - 3 potions of curing
 r - 2 potions of haste
 v - a potion of lignification {unknown}
 w - 2 potions of flight {unknown}
Books
 b - a book of Conjurations

   Spells                             Type                      Level
   a - Magic Dart                     Conjuration                  1
   b - Searing Ray                    Conjuration                  2
   c - Dazzling Spray                 Conjuration/Hexes            3
   d - Fulminant Prism                Conjuration/Hexes            4
   e - Force Lance                    Conjuration/Translocation    4
   f - Iskenderun's Mystic Blast      Conjuration                  4
Comestibles
 c - 8 rations


   Skills:
 - Level 0.6 Short Blades
 - Level 3.1 Dodging
 + Level 6.7 Stealth
 + Level 6.9 Spellcasting
 + Level 6.8 Conjurations


You had 9 spell levels left.
You knew the following spells:

 Your Spells              Type           Power        Failure   Level  Hunger
a - Magic Dart            Conj           ####         1%          1    None
b - Searing Ray           Conj           #####.       1%          2    None
c - Dazzling Spray        Conj/Hex       ###...       6%          3    None
d - Force Lance           Conj/Tloc      ###.....     21%         4    ###....


Dungeon Overview and Level Annotations

Branches:
Dungeon (7/15)             Temple (1/1) D:6

Altars:
Ashenzari
Cheibriados
Dithmenos
Elyvilon
Fedhas
Gozag
Hepliaklqana
Kikubaaqudgha
Makhleb
Nemelex Xobeh
Okawaru
Qazlal
Ru
Sif Muna
Trog
Uskayaw
Wu Jian
Xom
Yredelemnul
Zin
The Shining One

Annotations:
D:4 Lucio's ghost, novice TeCj


Message History

You are lethally poisoned!
The killer bee poisons you! The killer bee completely misses you.
Unknown command.
You hit the killer bee.
The killer bee buzzes angrily.
The killer bee is severely wounded.
You feel sick. The killer bee misses you. The killer bee barely misses you.
The killer bee closely misses you. The killer bee barely misses you.
You hit the killer bee.
You kill the killer bee!
Dithmenos accepts your kill.
You feel sick.
The killer bee is no longer blind.
The killer bee stings you but does no damage.
The killer bee stings you.
* * * LOW HITPOINT WARNING * * *
The killer bee stings you!
* * * LOW HITPOINT WARNING * * *
You are more poisoned.
The killer bee poisons you! The killer bee stings you.
You die...

####...........#...#
#..........#####...#
#..........### #...##
#............# #...#.
#####............# ###...
#................#####...
#........................
#......#y##.......#......
#......†@y........+......
#......###........#......
#......# #........###....
###'#### #...............
#.....#####..............
#................#####...
#...†......##....#8_8#...
#................#...# ..
#................#...#...


You could see 2 killer bees.

Vanquished Creatures
  A big kobold (D:4)
  2 bullfrogs (D:6)
  2 killer bees
  A crimson imp (D:3)
  A hound (D:5)
  2 orc priests
  Ijyb (D:5)
  2 worker ants (D:5)
  3 orc wizards
  A hound skeleton (D:4)
  6 gnolls
  9 adders
  An ooze (D:3)
  An adder zombie (D:6)
  2 worms
  4 leopard geckos
  9 orcs
  5 bats
  3 giant cockroaches
  3 goblins
  5 hobgoblins
  5 jackals
  A quokka (D:3)
  3 frilled lizards
  A jackal skeleton (D:5)
  25 kobolds
  A leopard gecko skeleton (D:4)
  A quokka zombie (D:5)
  6 rats
107 creatures vanquished.

Vanquished Creatures (others)
  A kobold (D:4)
1 creature vanquished.

Grand Total: 108 creatures vanquished

Notes
Turn   | Place    | Note
-------+----------+-------------------------------------------
     0 | D:1      | keltmir the Deep Elf Conjurer began the quest for the Orb.
     0 | D:1      | Reached XP level 1. HP: 10/10 MP: 6/6
   480 | D:1      | Reached XP level 2. HP: 14/15 MP: 5/8
   645 | D:1      | Learned a level 2 spell: Searing Ray
   984 | D:2      | Found a hazy altar of Hepliaklqana.
  1180 | D:2      | Reached XP level 3. HP: 19/19 MP: 6/10
  2051 | D:2      | Learned a level 3 spell: Dazzling Spray
  2059 | D:3      | Reached skill level 5 in Conjurations
  2059 | D:3      | Reached XP level 4. HP: 22/24 MP: 0/12
  2646 | D:3      | Reached XP level 5. HP: 21/28 MP: 2/14
  2793 | D:3      | Found a shimmering altar of Xom.
  3182 | D:3      | Reached skill level 5 in Spellcasting
  3672 | D:3      | Reached skill level 5 in Stealth
  3672 | D:3      | Reached XP level 6. HP: 21/32 MP: 2/15
  4176 | D:4      | Learned a level 4 spell: Force Lance
  4420 | D:4      | Noticed Lucio's ghost (novice TeCj)
  4750 | D:4      | Found a shattered altar of Ashenzari.
  4755 | D:4      | Got an encrusted dagger {pierce}
  4813 | D:4      | Identified the +9 dagger of Ekun {pierce, rF+ rN+ Stlth-} (You took it off a hobgoblin on level 4 of the Dungeon)
  5322 | D:5      | Entered Level 5 of the Dungeon
  5322 | D:5      | Noticed Ijyb
  5337 | D:5      | Killed Ijyb
  5879 | D:5      | Reached XP level 7. HP: 36/36 MP: 18/18
  6490 | D:6      | Found an opulent altar of Gozag.
  6630 | D:6      | Found a staircase to the Ecumenical Temple.
  6641 | Temple   | Entered the Ecumenical Temple
  6656 | Temple   | Became a worshipper of Dithmenos the Shadowed
  7107 | D:6      | HP: 1/36 [killer bee (8)]
  7107 | D:6      | Slain by a killer bee

Skill      XL: |  1  2  3  4  5  6  7 |
---------------+----------------------+-----
Dodging        | 3 |  3.1
Stealth        | 3 4 5 6 |  6.7
Spellcasting   | 4 5 6 |  6.9
Conjurations   | 5 6 |  6.8
Short Blades   | |  0.6

Action                   |  1- 3 |  4- 6 |  7- 9 || total
-------------------------+-------+-------+-------++-------
Melee: Dagger            |     3 |    47 |    12 ||    62
 Cast: Magic Dart        |    49 |   113 |    20 ||   182
       Searing Ray       |     4 |     9 |       ||    13
       Dazzling Spray    |     1 |    21 |     9 ||    31
  Use: Scroll            |     3 |    11 |       ||    14
 Stab: Sleeping          |     2 |     2 |     1 ||     5
       Invisible         |       |     4 |     3 ||     7
  Eat: Chunk             |     3 |    10 |     4 ||    17
       Ration            |       |     1 |       ||     1
Armor: Robe              |     2 |     5 |     2 ||     9
Dodge: Dodged            |    15 |    89 |    24 ||   128
